 Dungeon Crawl Stone Soup version 0.28-a0-643-g84cb2ea78e (webtiles) character file.

Game seed: 7526038148179868518

140644 ytrimaz the Hoplite (level 16, -4/226 HPs)
             Began as a Minotaur Berserker on Oct 11, 2021.
             Was the Champion of Trog.
             Slain by Donald (8 damage)
             ... on level 2 of the Lair of Beasts.
             The game lasted 01:11:51 (30082 turns).

ytrimaz the Hoplite (Minotaur Berserker)           Turns: 30082, Time: 01:11:51

Health: -4/226     AC: 32    Str: 27    XL:     16   Next: 76%
Magic:  6/6        EV:  9    Int:  8    God:    Trog [******]
Gold:   2938       SH: 17    Dex: 12    Spells: 15/15 levels left

rFire   . . .      SeeInvis .   L - +8 long sword of Qoha {flame, rElec rPois Will+ MP-9}
rCold   + . .      Faith    .   U - +3 warlock's mirror {reflect}
rNeg    . . .      Spirit   .   q - +4 plate armour {rPois}
rPois   +          Reflect  +   M - +2 hat of Apequll {Regen+}
rElec   +          Harm     .   Q - +0 cloak {rC+}
rCorr   .          Rampage  .   j - +1 pair of gloves
Will    ++...                   Z - +1 pair of boots {Fly}
Stlth   ..........              F - amulet of reflection
HPRegen 1.47/turn               d - +4 ring of slaying
MPRegen 0.10/turn               D - +4 ring of slaying

@: berserking, flying, very quick
A: horns 2, retaliatory headbutt, talons 1, iridescent scales 1, camouflage 1,
clever 2
a: Renounce Religion, Berserk, Trog's Hand, Brothers in Arms


You were on level 2 of the Lair of Beasts.
You worshipped Trog.
Trog was exalted by your worship.
You visited 5 branches of the dungeon, and saw 25 of its levels.
You visited the Abyss 1 time.
You also visited: Ossuary, Gauntlet, Ice Cave and Volcano.

You collected 3481 gold pieces.
You spent 543 gold pieces at shops.

Inventory:

Hand Weapons
 f - the +9 sword of Zonguldrok {reap}
   (You found it on level 14 of the Dungeon)

   Any living foe damaged by it may be reanimated upon death as a zombie
   friendly to the wielder, with an increasing chance as more damage is dealt.
 E - a +9 long sword of electrocution
 L - the +8 long sword of Qoha (weapon) {flame, rElec rPois Will+ MP-9}
   (You found it on level 7 of the Dungeon)

   It burns those it strikes, dealing additional fire damage.
   Big, fiery blades are also staple armaments of hydra-hunters.
   rElec:     It insulates you from electricity.
   rPois:     It protects you from poison.
   MP:        It affects your magic capacity (-9).
   Will:      It increases your willpower.
 P - the +7 great mace of Wyrd {vorpal, Str+5}
   (You took it off a minotaur in a Gauntlet)

   It inflicts extra damage upon your enemies.
   Str:       It affects your strength (+5).
Armour
 j - a +1 pair of gloves (worn)
 k - a scarf of resistance
 q - a +4 plate armour of poison resistance (worn)
 M - the +2 hat of Apequll (worn) {Regen+}
   (You found it in a Gauntlet)

   Regen:     It increases your rate of health regeneration.
 N - a +2 tower shield
 Q - a +0 cloak of cold resistance (worn)
 U - the +3 warlock's mirror (worn) {reflect}
   (You found it on level 11 of the Dungeon)

   It can block and reflect piercing ranged attacks and magical attacks against
   the wielder's willpower.
 V - the +4 skin of Zhor {*Englaciate rC+++ SInv}
   (You found it on level 3 of the Lair of Beasts)

   It radiates cold, occasionally slowing all nearby creatures who are not
   resistant to cold.
   rC:        It renders you almost immune to cold.
   SInv:      It lets you see invisible.
 Z - a +1 pair of boots of flying (worn)
Jewellery
 b - an amulet of the acrobat
 d - a +4 ring of slaying (left hand)
 i - a ring of resist corrosion
 r - a ring of protection from cold
 D - a +4 ring of slaying (right hand)
 F - an amulet of reflection (around neck)
 H - a ring of see invisible
 W - a ring of protection from cold
Wands
 l - a wand of mindburst (43)
 n - a wand of acid (23)
 J - a wand of iceblast (25)
 K - a wand of digging (3)
 S - a wand of polymorph (12)
Scrolls
 e - 3 scrolls of enchant armour
 g - 6 scrolls of teleportation
 s - 7 scrolls of fear
 t - a scroll of holy word
 z - a scroll of blinking
 B - a scroll of fog
 C - 2 scrolls of silence
 O - a scroll of brand weapon
 T - 15 scrolls of identify
 Y - 4 scrolls of enchant weapon
Potions
 a - 5 potions of curing
 c - 3 potions of heal wounds
 h - a potion of mutation
 o - 4 potions of might
 u - 2 potions of haste
 v - 6 potions of ambrosia
 w - 2 potions of attraction
 x - a potion of berserk rage
 A - a potion of cancellation
 G - 2 potions of invisibility
 I - 3 potions of lignification


   Skills:
 * Level 16.2 Fighting
 * Level 17.1 Long Blades
 - Level 9.3 Axes
 * Level 16.3 Armour
 - Level 2.2 Dodging
 * Level 21.5 Shields


You had 15 spell levels left.
You didn't know any spells.
Your spell library was empty.

Dungeon Overview and Level Annotations

Branches:
Dungeon (15/15)            Temple (1/1) D:4            Lair (6/6) D:8
 Shoals (0/4) Lair:3        Snake (1/4) Lair:2        Slime (0/5) Lair:6
    Orc (2/2) D:12            Elf (0/3) Orc:2        Vaults (0/5) D:14
 Depths (0/4) D:15        Ossuary (visited)           IceCv (visited)
Volcano (visited)         Gauntlet (visited)

Altars:
Ashenzari
Cheibriados
Dithmenos
Elyvilon
Fedhas
Gozag
Hepliaklqana
Kikubaaqudgha
Makhleb
Nemelex Xobeh
Okawaru
Qazlal
Ru
Sif Muna
Trog
Uskayaw
Vehumet
Wu Jian
Xom
Yredelemnul
Zin
The Shining One
Beogh
Lugonu

Shops:
D:4 [   D:8 *   Orc:2 :([(

Portals:
Trove: D:13 (give 3 potions of resistance)

Annotations:
D:3 2 transporters, siradein's ghost, amateur DrBr
Lair:2 exclusion: oklob plant, Donald


Innate Abilities, Weirdness & Mutations

You have a pair of horns on your head.
You reflexively headbutt those who attack you in melee.
You have sharp toenails.
You are partially covered in iridescent scales. (AC +2)
Your skin changes colour to match your surroundings (Stealth+).
Your mind is very acute. (Int +4)


Message History

You slice Donald!! You burn Donald! You headbutt Donald!
Donald is heavily wounded.
The hog misses you. You furiously retaliate!
You headbutt the hog!!
Donald hits you with a +6 vorpal double sword!!
You hit Donald but do no damage. Donald blocks your attack.
Donald is heavily wounded.
You block Donald's attack. Donald blocks your attack.
Donald is heavily wounded.
You block the hog's attack. Donald blocks your attack.
Donald is heavily wounded.
You block Donald's attack. You block the hog's attack.
Unknown command.
Donald blocks your attack.
Donald is heavily wounded.
Donald hits you with a +6 vorpal double sword.
You slice the hog!! You burn the hog.
You kill the hog!
Trog accepts your kill.
You hit Donald. You burn Donald. Donald blocks your attack.
Donald is heavily wounded.
Donald says, "Maybe I'll visit Hell next."
Donald hits you with a +6 vorpal double sword!!!
* * * LOW HITPOINT WARNING * * *
x2 Unknown command.
You hit Donald. You burn Donald.
Donald is severely wounded.
You block Donald's attack. Donald blocks your attack.
Donald is severely wounded.
You block Donald's attack. Donald blocks your attack.
You headbutt Donald!
Donald is severely wounded.
Donald blocks your attack.
Donald is severely wounded.
Donald says, "I heard Trog has abandonment issues."
Donald hits you with a +6 vorpal double sword!!
* * * LOW HITPOINT WARNING * * *
You die...

#.....#### #......#.#
#.......##
#........####
#.........#.##
#............#
#............###
#......@.......### #
##......@......#.####
##
##....†........###.#
#.
####.............##
##.
##.....<.....#####..
##.............#...
##P#.........#....
###..............
##P#..........#
###.#.........


You could see Donald (fast, strong).

Vanquished Creatures
  A bone dragon (D:14)
  Jorgrun (D:14)
  Rupert (D:13)
  A tentacled starspawn (Abyss:3)
  Gastronok (Lair:3)
  The ghost of Cutsopp the Severer, an adept MiBe of Trog (D:15)
  3 orc warlords
  Louise (D:14)
  A reaper (IceCv)
  The ghost of Penusax the Martial Artist, a journeyman GnTm of the Shining One (Lair:6)
  A blizzard demon (D:15)
  A minotaur (Gauntlet)
  An ettin (D:15)
  A fire dragon (Volcano)
  Josephine (Orc:1)
  3 boulder beetles
  A vault guard (D:13)
  2 naga warriors
  Erolcha (D:10)
  4 hydras
  A merfolk avatar (Lair:6)
  Erica (D:9)
  8 centaur warriors
  5 two-headed ogres
  3 catoblepae
  2 dancing weapons
  A tengu warrior (D:15)
  3 orc high priests
  3 death yaks (Lair:6)
  A hell hog (Volcano)
  2 thrashing horrors
  Nergalle (Orc:1)
  5 large abominations (Abyss:3)
  7 wizards
  5 wolf spider zombies (D:14)
  5 deep elf pyromancers
  A wolf spider (shapeshifter) (D:15)
  A harpy (Lair:6)
  6 orc knights
  A necromancer (D:15)
  5 orc sorcerers
  4 ugly things (D:15)
  4 cyclopes (D:13)
  2 worldbinders (Abyss:3)
  2 oklob plants (Lair:4)
  6 manticores
  2 ice statues (IceCv)
  A merfolk siren (Lair:3)
  An apocalypse crab (Abyss:3)
  22 elephants
  2 molten gargoyles (Volcano)
  3 torpor snails
  2 smoke demons
  3 black mambas
  11 cane toads
  2 gargoyles
  5 centaur skeletons (D:14)
  A yaktaur (shapeshifter) (D:15)
  A yaktaur (D:15)
  2 kobold demonologists (D:13)
  2 unseen horrors (D:12)
  3 komodo dragons
  8 ice devils
  9 rime drakes
  An efreet (D:14)
  A freezing wraith (D:14)
  2 entropy weaver simulacra (IceCv)
  A tengu conjurer (D:15)
  An anaconda simulacrum (IceCv)
  A harpy zombie (D:14)
  A tormentor (Abyss:3)
  8 trolls
  3 ancient zymes (Abyss:3)
  3 merfolk (Lair:3)
  A tyrant leech (Gauntlet)
  A queen bee (Lair:2)
  A wolf spider simulacrum (D:15)
  3 hornets
  A wind drake (Lair:6)
  15 slime creatures
  Prince Ribbit (D:5)
  15 blink frogs
  9 dream sheep (Lair:6)
  A raiju (Abyss:3)
  5 small abominations
  2 snapping turtles (Lair:6)
  4 flying skulls (Gauntlet)
  56 yaks
  2 shadows
  3 centaur simulacra (D:15)
  A vampire (D:12)
  A human (D:6)
  Sigmund (D:3)
  4 wyverns
  A ynoxinul (Abyss:3)
  2 fire elementals (D:15)
  3 basilisks
  14 fire bats (Volcano)
  A yak (shapeshifter) (D:13)
  3 wraiths (Orc:1)
  3 steam dragons
  A hog (Lair:2)
  A neqoxec (Abyss:3)
  2 harpy simulacra (D:15)
  6 vampire mosquitoes
  8 wargs
  6 swamp worms
  17 water moccasins
  3 hell hounds
  An ice beast (D:7)
  A sky beast (D:5)
  A meliai simulacrum (D:14)
  3 hornet zombies (D:14)
  4 black bears
  45 orc warriors
  9 wolves
  3 centaurs (D:13)
  A necrophage (D:6)
  7 ogres
  5 kobold brigands
  9 bullfrogs
  12 scorpions
  A gnoll sergeant (Orc:1)
  A cane toad simulacrum (IceCv)
  A hornet simulacrum (D:15)
  2 two-headed ogre simulacra (IceCv)
  A water moccasin skeleton (D:6)
  25 killer bees
  3 elephant simulacra (IceCv)
  11 wights
  An electric eel (Lair:1)
  6 howler monkeys
  8 lava snakes
  A bullfrog zombie (D:6)
  9 centaur zombies
  2 human zombies (Ossuary)
  3 hounds
  2 jellies (Lair:6)
  2 gnoll shamans
  23 orc priests
  A bullfrog skeleton (D:5)
  3 iron imps (D:5)
  Jessica (D:2)
  Terence (D:2)
  32 orc wizards
  Natasha (thrice) (D:3)
  2 iguanas
  7 scorpion zombies (Ossuary)
  3 troll simulacra (IceCv)
  3 killer bee zombies
  3 polar bear simulacra (IceCv)
  2 hound zombies (D:5)
  3 mummies (Ossuary)
  Robin (D:4)
  4 adders
  23 gnolls
  2 naga simulacra (IceCv)
  A shadow imp (D:5)
  6 white imps
  5 ufetubi
  A worm (D:3)
  4 dart slugs
  107 orcs
  9 endoplasms
  2 giant cockroaches (D:3)
  4 gnoll zombies (Ossuary)
  17 goblins
  7 hobgoblins
  4 jackals (D:3)
  3 quokkas
  4 ball pythons
  8 bats
  4 frilled lizards
  2 goblin skeletons
  A goblin zombie (Ossuary)
  3 hobgoblin zombies
  24 kobolds
  3 kobold skeletons (D:8)
  2 kobold zombies
  2 orc skeletons (D:8)
  An orc zombie (Ossuary)
  3 rats
  3 briar patches (Lair:4)
940 creatures vanquished.

Vanquished Creatures (collateral kills)
  Azrael (D:15)
  A two-headed ogre (D:9)
  A deep troll (D:15)
  3 wizards (D:11)
  An orc knight (D:15)
  An orc sorcerer (Orc:1)
  A tengu conjurer (D:15)
  A troll (Orc:1)
  2 wraiths (Orc:1)
  2 fire elementals (D:15)
  A chaos spawn (Abyss:3)
  3 vampire mosquitoes (D:15)
  A warg (Orc:1)
  2 hell hounds (D:15)
  2 orc warriors (Orc:1)
  An ogre (Orc:1)
  A bullfrog (D:9)
  2 orc priests
  An iron imp (Abyss:3)
  3 orc wizards (Orc:1)
  4 orcs
35 creatures vanquished.

Vanquished Creatures (others)
  Nessos (D:14)
  A death yak (Lair:6)
  A wizard (D:9)
  A yak (Lair:6)
  A water moccasin (Lair:6)
  An orc priest (Orc:2)
  2 orcs
  A quokka (D:8)
  5 briar patches (Lair:4)
  85 fungi
  106 plants
  8 starspawn tentacles (Abyss:3)
  4 tentacles (Abyss:3)
  14 toadstools (Lair:2)
  A withered plant (Gauntlet)
232 creatures vanquished.

Grand Total: 1207 creatures vanquished

Notes
Turn   | Place    | Note
-------+----------+-------------------------------------------
     0 | D:1      | ytrimaz the Minotaur Berserker began the quest for the Orb.
     0 | D:1      | Reached XP level 1. HP: 19/19 MP: 0/0
   600 | D:1      | Reached XP level 2. HP: 21/27 MP: 1/1
   709 | D:1      | Found a faded altar of an unknown god.
  1171 | D:2      | Noticed Terence
  1176 | D:2      | Killed Terence
  1177 | D:2      | Reached skill level 1 in Shields
  1177 | D:2      | Reached XP level 3. HP: 5/34 MP: 2/2
  1659 | D:2      | Noticed Jessica
  1663 | D:2      | Killed Jessica
  1663 | D:2      | Reached ** piety under Trog
  1664 | D:2      | Reached XP level 4. HP: 35/41 MP: 3/3
  1863 | D:2      | Reached skill level 2 in Shields
  2492 | D:3      | Reached XP level 5. HP: 47/47 MP: 4/4
  2502 | D:3      | Reached skill level 5 in Fighting
  2517 | D:3      | Reached skill level 5 in Axes
  2582 | D:3      | Found a transporter.
  2591 | D:3      | Noticed siradein's ghost (amateur DrBr)
  2602 | D:3      | Found a transporter.
  2613 | D:3      | Noticed Natasha
  2623 | D:3      | Killed Natasha
  2891 | D:3      | Noticed Natasha
  2894 | D:3      | Found a stormy altar of Qazlal.
  2896 | D:3      | Killed Natasha
  3112 | D:3      | Noticed Natasha
  3116 | D:3      | Killed Natasha
  3117 | D:3      | Reached skill level 3 in Shields
  3182 | D:3      | Noticed Sigmund
  3185 | D:3      | Reached XP level 6. HP: 56/56 MP: 5/5
  3191 | D:3      | Killed Sigmund
  3437 | D:4      | Found Neny's Antique Armour Shop.
  3454 | D:4      | Found an opulent altar of Gozag.
  3479 | D:4      | Found a staircase to the Ecumenical Temple.
  3485 | D:4      | Found a snail-covered altar of Cheibriados.
  3508 | D:4      | Found a sand-covered staircase.
  3516 | Ossuary  | Entered an ossuary
  3532 | Ossuary  | Reached skill level 5 in Armour
  3538 | Ossuary  | Reached *** piety under Trog
  3585 | Ossuary  | Reached XP level 7. HP: 61/61 MP: 6/6
  3611 | Ossuary  | Reached skill level 4 in Shields
  4022 | Ossuary  | Reached XP level 8. HP: 55/70 MP: 7/7
  4236 | Ossuary  | Reached skill level 5 in Shields
  4854 | D:4      | Noticed Robin
  4860 | D:4      | Killed Robin
  5000 | D:4      | Found a shimmering altar of Xom.
  5199 | D:4      | Found an ornate altar of the Wu Jian Council.
  5668 | D:4      | Bought a black opal-encrusted scale mail for 198 gold
                  | pieces
  5668 | D:4      | Identified the +2 scale mail of the Lion {rC+ rN+ Stlth+}
                  | (You bought it in a shop on level 4 of the Dungeon)
  5706 | Temple   | Entered the Ecumenical Temple
  5778 | D:5      | Entered Level 5 of the Dungeon
  5819 | D:5      | Identified the +6 dagger of Vuageimi {vorpal, rF+ Str+2
                  | Stlth+}
  5838 | D:5      | Noticed Prince Ribbit
  5853 | D:5      | Killed Prince Ribbit
  5854 | D:5      | Reached skill level 6 in Shields
  6125 | D:5      | Reached **** piety under Trog
  6492 | D:5      | Found a burning altar of Makhleb.
  6514 | D:5      | Reached XP level 9. HP: 77/79 MP: 8/8
  6858 | D:6      | Reached skill level 7 in Shields
  6870 | D:6      | Found a radiant altar of Vehumet.
  7102 | D:6      | Found a runed translucent door.
  7105 | D:6      | Found a basalt altar of Yredelemnul.
  7701 | D:7      | Found a hide-covered altar of Uskayaw.
  7725 | D:7      | Noticed a gargoyle
  7731 | D:7      | Killed a gargoyle
  7732 | D:7      | Reached skill level 8 in Shields
  7908 | D:7      | Identified the +8 long sword of Qoha {flame, rElec rPois
                  | Will+ MP-9}
  8178 | D:7      | Reached skill level 1 in Long Blades
  8664 | D:8      | Found a blossoming altar of Fedhas.
  8664 | D:8      | Found a sparkling altar of Nemelex Xobeh.
  8782 | D:8      | Found Cacrid's Assorted Antiques.
  9451 | D:8      | Gained mutation: Your muscles are strong. (Str +2) [potion
                  | of mutation]
  9830 | D:8      | Reached skill level 9 in Shields
  9830 | D:8      | Reached XP level 10. HP: 89/90 MP: 0/9
  9885 | D:8      | Found a white marble altar of Elyvilon.
  9902 | D:8      | Found a shimmering blue altar of Sif Muna.
 10146 | D:8      | Noticed a centaur warrior
 10155 | D:8      | Killed a centaur warrior
 10379 | D:8      | Reached ***** piety under Trog
 10573 | D:8      | Found a glowing golden altar of the Shining One.
 10647 | D:8      | Reached skill level 10 in Shields
 10872 | D:8      | Found a staircase to the Lair.
 11205 | D:9      | Noticed Erica
 11503 | D:9      | Noticed a two-headed ogre
 11513 | D:9      | Killed a two-headed ogre
 11514 | D:9      | Reached skill level 5 in Long Blades
 12026 | D:9      | Found a bloodstained altar of Trog.
 12030 | D:9      | Noticed a wizard
 12034 | D:9      | Killed a wizard
 12126 | D:9      | Killed Erica
 12127 | D:9      | Reached skill level 10 in Armour
 12691 | D:10     | Entered Level 10 of the Dungeon
 12916 | D:10     | Reached XP level 11. HP: 86/96 MP: 1/10
 13069 | D:10     | Identified the +0 leather armour of the Beginning {rF+
                  | Will- Int+3 Stlth+}
 13220 | D:10     | Reached skill level 11 in Shields
 13618 | D:10     | Noticed Erolcha
 13634 | D:10     | Killed Erolcha
 14088 | D:11     | Found a gate leading to a gauntlet.
 14097 | Gauntlet | Entered a Gauntlet
 14097 | Gauntlet | Found a transporter.
 14097 | Gauntlet | Found a transporter.
 14097 | Gauntlet | Found a transporter.
 14144 | Gauntlet | Found a transporter.
 14147 | Gauntlet | Found a transporter.
 14149 | Gauntlet | Noticed a death drake
 14157 | Gauntlet | Found a transporter.
 14159 | Gauntlet | Noticed a thrashing horror
 14161 | Gauntlet | Found a transporter.
 14164 | Gauntlet | Noticed a hell hog
 14171 | Gauntlet | Found a transporter.
 14261 | Gauntlet | Found a transporter.
 14273 | Gauntlet | Found a transporter.
 14275 | Gauntlet | Found a transporter.
 14287 | Gauntlet | Found a transporter.
 14437 | Gauntlet | Killed a thrashing horror
 14575 | Gauntlet | Reached skill level 12 in Shields
 14585 | Gauntlet | Identified the +2 hat of Apequll {Regen+}
 14721 | Gauntlet | Identified the +7 great mace of Wyrd {vorpal, Str+5}
 14721 | Gauntlet | Noticed a minotaur
 14730 | Gauntlet | Killed a minotaur
 14731 | Gauntlet | Reached skill level 10 in Fighting
 14972 | D:11     | Reached skill level 10 in Long Blades
 15131 | D:11     | Noticed a wizard
 15134 | D:11     | Noticed a wizard
 15152 | D:11     | Killed a wizard
 15153 | D:11     | Reached XP level 12. HP: 68/106 MP: 2/11
 15156 | D:11     | Received a gift from Trog
 15177 | D:11     | Reached skill level 13 in Shields
 15242 | D:11     | Cast into level 3 of the Abyss (a wizard)
 15249 | Abyss:3  | Found a corrupted altar of Lugonu.
 15259 | Abyss:3  | Noticed a kraken
 15273 | Abyss:3  | Gained mutation: You are partially covered in iridescent
                  | scales. (AC +2) [a neqoxec]
 15310 | Abyss:3  | Found a corrupted altar of Lugonu.
 15347 | Abyss:3  | Noticed a starcursed mass
 15351 | Abyss:3  | Noticed a tentacled starspawn
 15388 | Abyss:3  | Noticed a tentacled starspawn
 15411 | Abyss:3  | Killed a tentacled starspawn
 15504 | Abyss:3  | Noticed a naga warrior
 15515 | Abyss:3  | Noticed a naga warrior
 15580 | Abyss:3  | Paralysed by you for 2 turns
 15584 | Abyss:3  | HP: 5/108 [apocalypse crab (11)]
 15584 | Abyss:3  | HP: 1/108 [apocalypse crab (4)]
 15593 | Abyss:3  | Reached skill level 14 in Shields
 15606 | Abyss:3  | Noticed a rakshasa
 15610 | Abyss:3  | Gained mutation: Your body sometimes deteriorates upon
                  | taking damage. [a neqoxec]
 15611 | Abyss:3  | Noticed an Executioner
 15611 | Abyss:3  | Noticed a naga warrior
 15612 | Abyss:3  | Gained mutation: You are clumsy. (Dex -2) [a neqoxec]
 15663 | Abyss:3  | Noticed a naga warrior
 15694 | Abyss:3  | Killed a naga warrior
 15697 | D:11     | Escaped the Abyss
 15862 | D:11     | Found the +3 warlock's mirror {reflect}
 15965 | D:12     | Noticed a two-headed ogre
 15976 | D:11     | Noticed a two-headed ogre
 15981 | D:11     | Killed a two-headed ogre
 16286 | D:11     | Lost mutation: Your muscles are strong. (Str +2) [potion of
                  | mutation]
 16286 | D:11     | Lost mutation: You are partially covered in iridescent
                  | scales. (AC +2) [potion of mutation]
 16286 | D:11     | Lost mutation: Your body sometimes deteriorates upon taking
                  | damage. [potion of mutation]
 16286 | D:11     | Gained mutation: Your skin changes colour to match your
                  | surroundings (Stealth+). [potion of mutation]
 16286 | D:11     | Gained mutation: Your body sometimes deteriorates upon
                  | taking damage. [potion of mutation]
 16286 | D:11     | Gained mutation: You have sharp toenails. [potion of
                  | mutation]
 16286 | D:11     | Gained mutation: You are partially covered in iridescent
                  | scales. (AC +2) [potion of mutation]
 16316 | D:12     | Reached XP level 13. HP: 116/116 MP: 3/12
 16325 | D:12     | You fall into a shaft and drop 2 floors!
 16397 | D:13     | You fall into a shaft and drop 2 floors!
 16397 | D:15     | Entered Level 15 of the Dungeon
 16487 | D:14     | Reached skill level 15 in Shields
 16607 | D:14     | Noticed Nessos
 16608 | D:14     | Found a gate to the Vaults.
 16615 | D:14     | Killed Nessos
 17079 | D:13     | Noticed Rupert
 17088 | D:13     | Killed Rupert
 17301 | D:12     | Reached skill level 16 in Shields
 17415 | D:12     | Found a staircase to the Orcish Mines.
 18031 | D:13     | Reached XP level 14. HP: 122/127 MP: 4/13
 18239 | D:13     | Found a portal to a secret trove of treasure.
 18354 | D:14     | Noticed Louise
 18781 | D:14     | Received a gift from Trog
 18820 | D:14     | Killed Louise
 18841 | D:14     | Noticed Jorgrun
 18845 | D:14     | Reached skill level 17 in Shields
 18853 | D:14     | Killed Jorgrun
 18933 | D:14     | You fall into a shaft and drop 1 floor!
 19195 | D:14     | Found the +9 sword of Zonguldrok {reap}
 19195 | D:14     | Noticed a bone dragon
 19215 | D:14     | Killed a bone dragon
 19424 | D:15     | Found a runed translucent gate.
 19424 | D:15     | Found a runed translucent gate.
 19424 | D:15     | Found a runed translucent gate.
 19485 | D:15     | Reached skill level 15 in Long Blades
 19487 | D:15     | Found a staircase to the Depths.
 19529 | D:15     | Noticed Azrael
 19531 | D:15     | Noticed Cutsopp's ghost (adept MiBe)
 19577 | D:15     | Killed Azrael
 20167 | D:15     | Killed Cutsopp's ghost
 20311 | D:15     | Reached skill level 18 in Shields
 20418 | D:15     | Reached XP level 15. HP: 138/138 MP: 5/14
 20450 | D:15     | Identified the +3 helmet "Wufaofer" {Contam Fly rCorr
                  | Str+5}
 20632 | Orc:1    | Entered Level 1 of the Orcish Mines
 20653 | Orc:1    | Received a gift from Trog
 20731 | Orc:1    | Noticed Nergalle
 20747 | Orc:1    | Killed Nergalle
 20801 | Orc:1    | Found a dark tunnel.
 20812 | Volcano  | Entered a volcano
 20971 | Volcano  | Found a burning altar of Makhleb.
 21360 | Orc:1    | Noticed an orc warlord
 21380 | Orc:1    | Reached skill level 15 in Armour
 21381 | Orc:1    | Noticed an orc warlord
 21387 | Orc:1    | Noticed Josephine
 21398 | Orc:1    | Killed an orc warlord
 21434 | Orc:1    | Killed Josephine
 21459 | Orc:1    | Killed an orc warlord
 21489 | Orc:1    | Received a gift from Trog
 21495 | Orc:1    | Reached skill level 19 in Shields
 21905 | Orc:2    | Entered Level 2 of the Orcish Mines
 22473 | Orc:2    | Noticed an orc warlord
 22502 | Orc:2    | Killed an orc warlord
 22720 | Orc:2    | Found a staircase to the Elven Halls.
 22770 | Orc:2    | Received a gift from Trog
 22790 | Orc:2    | Found Ziuphoca's Book Shoppe.
 22804 | Orc:2    | Reached skill level 15 in Fighting
 23049 | Orc:2    | Reached ****** piety under Trog
 23266 | Orc:2    | Found Koisuj's Weapon Shop.
 23344 | Orc:2    | Found Atipt's Antique Weapon Shop.
 23346 | Orc:2    | Found Cytugha's Antique Armour Boutique.
 23353 | Orc:2    | Bought an embroidered scarf for 184 gold pieces
 23353 | Orc:2    | Bought a glowing hat for 161 gold pieces
 23552 | Lair:1   | Entered Level 1 of the Lair of Beasts
 23614 | Lair:1   | Found a frozen archway.
 23623 | IceCv    | Entered an ice cave
 24949 | Lair:2   | Found a staircase to the Snake Pit.
 25114 | Lair:2   | Found a bloodstained altar of Trog.
 25348 | Lair:2   | Received a gift from Trog
 25528 | Lair:2   | Found a blossoming altar of Fedhas.
 25957 | Lair:3   | Reached skill level 20 in Shields
 25957 | Lair:3   | Reached XP level 16. HP: 149/149 MP: 6/15
 26011 | Lair:3   | Found a staircase to the Shoals.
 26053 | Lair:3   | You are sucked into a shaft and drop 3 floors!
 26053 | Lair:6   | Entered Level 6 of the Lair of Beasts
 26058 | Lair:6   | Found a white marble altar of Elyvilon.
 26281 | Lair:4   | Found a transporter.
 26321 | Lair:4   | Found a transporter.
 26562 | Lair:4   | Identified the amulet of Disaster {Faith Will- Str-2 Dex+6
                  | SInv}
 27633 | Lair:5   | Received a gift from Trog
 27788 | Lair:6   | Noticed Penusax's ghost (journeyman GnTm)
 27788 | Lair:6   | Found a runed translucent gate.
 27788 | Lair:6   | Found a runed translucent gate.
 27789 | Lair:6   | Found a runed translucent gate.
 27840 | Lair:6   | Killed Penusax's ghost
 27974 | Lair:6   | Found a staircase to the Slime Pits.
 28178 | Lair:6   | Found the +8 trident of the Octopus King {venom, rElec
                  | rPois Will+}
 28216 | Lair:6   | Reached skill level 21 in Shields
 28508 | Lair:6   | Received a gift from Trog
 28998 | Lair:6   | Lost mutation: Your body sometimes deteriorates upon taking
                  | damage. [potion of mutation]
 28998 | Lair:6   | Lost mutation: You are clumsy. (Dex -2) [potion of
                  | mutation]
 28998 | Lair:6   | Lost mutation: You have sharp toenails. [potion of
                  | mutation]
 28998 | Lair:6   | Gained mutation: Your mind is acute. (Int +2) [potion of
                  | mutation]
 28998 | Lair:6   | Gained mutation: You have sharp toenails. [potion of
                  | mutation]
 28998 | Lair:6   | Gained mutation: Your mind is very acute. (Int +4) [potion
                  | of mutation]
 29563 | Lair:3   | Noticed Gastronok
 29567 | Lair:3   | Found the +4 skin of Zhor {*Englaciate rC+++ SInv}
 29573 | Lair:3   | Killed Gastronok
 30054 | Snake:1  | Entered Level 1 of the Snake Pit
 30055 | Snake:1  | Noticed Donald
 30082 | Lair:2   | HP: 4/226 [Donald (25)]
 30082 | Lair:2   | Slain by Donald

Illustrated notes

Levels and vault maps discovered:
D:1:      giann_bridges, layout_basic, hellmonk_ecumenical_altar_lost_god,
          grunt_decor_cap
D:2:      layout_loops_ring, uniq_jessica, uniq_terence
D:3:      layout_basic, mainiacjoe_overflow_six_doors_small,
          gammafunk_ghost_stat_death, uniq_natasha, uniq_sigmund
D:4:      layout_gridville, kennysheep_mini_moat, grunt_gozag_breadcrumbs,
          tgw_xom, amcnicky_altar_gilded, minmay_temple_entry_wispy,
          lightli_ossuary_entry_decrepit_ruins, serial_shops, kennysheep_mini,
          corner_web_ring, uniq_robin
D:5:      layout_rooms, demons_altar, nicolae_zen_rock_garden,
          uniq_prince_ribbit1
D:6:      layout_loops_ring, vehumet_crystals, dk_yredelemnul_ordeal
D:7:      layout_basic, mainiacjoe_overflow_alcove_1
D:8:      layout_gridville, elyvilon_altar_4, led_sif_pool,
          nicolae_tso_besieged_by_evil, gammafunk_temple_overflow_elements,
          due_lair_maze_entry_diamond, serial_shops, nicolae_inconvenience_store
D:9:      layout_basic, trog_wizard, uniq_erica
D:10:     layout_rooms, statue_in_the_mist_lemuel, hangedman_glass_teeth,
          uniq_erolcha
D:11:     minmay_smoke_and_mirrors, layout_loops_ring, gauntlet_entry_generic,
          minmay_librarian
D:12:     layout_rooms, erik_orc_3
D:13:     layout_small_grid, enter_trove_5, minmay_between, uniq_rupert
D:14:     layout_big_octagon, erik_vaults_1, hangedman_abyss_or_decor_stagger,
          minmay_guarded_unrand_zonguldrok, uniq_louise, uniq_nessos,
          uniq_jorgrun
D:15:     hangedman_depths_entry_civil_slaughter, layout_basic,
          gammafunk_ghost_icy, glass_columns_a, uniq_azrael
Temple:   corrupted_temple
Lair:1:   layout_cave_pods, portal_ice_cave_entry_pillars_1,
          nicolae_quartered_pool_super
Lair:2:   layout_hall_layers, dummy_snake_entry, special_room
          [special_room_bee], basic_altar, tgw_fedhas
Lair:3:   layout_regular_city, elwin_shoals_entry_stream,
          hellmonk_guarded_unrand_zhor, lemuel_fruit_fields,
          serial_bayou_shore_b, infiniplex_staircase_pool_2, grunt_megastairs_1,
          uniq_gastronok
Lair:4:   gammafunk_worm_tunnel, layout_loops_ring, dpeg_oklob_1
Lair:5:   wander_river, layout_hall_layers, lemuel_fruit_tree
Lair:6:   gammafunk_lair_ancient_temple, layout_cellular_growth,
          nicolae_slime_entry_slimehenge, basic_altar, ebering_ghost_rock_garden
Snake:1:  layout_misc_corridors, grunt_megastairs_4, minmay_shoptagon,
          serial_bayou_shore_b, serial_bayou_shore_b, uniq_aizul, uniq_kirke,
          uniq_donald
Orc:1:    layout_caves, lightli_volcano_entry_magma_tube, minmay_orc_treasury,
          uniq_josephine, uniq_nergalle
Orc:2:    grunt_orc_community_town_hall, layout_diamond_mine,
          grunt_orc_community_big_house_1, grunt_orc_community_big_house_2,
          grunt_orc_community_house_1, grunt_orc_community_house_3,
          grunt_orc_community_house_3, grunt_orc_community_house_1,
          grunt_orc_community_house_2, grunt_orc_community_house_1, basic_altar,
          nicolae_orc_lava_room

Skill      XL: |  1  2  3  4  5  6  7  8  9 10 11 12 13 14 15 16 |
---------------+-------------------------------------------------+-----
Fighting       | 4 5 6 7 8 9 10 11 12 14 15 16 | 16.2
Axes           | 4 5 7 8 9 |  9.3
Shields        | 1 2 3 4 6 9 10 12 14 16 18 20 21 | 21.5
Armour         | 3 4 5 6 7 9 10 11 12 13 14 15 16 | 16.3
Long Blades    | 2 7 10 12 14 15 16 17 | 17.1
Dodging        | |  2.2

Action                   |  1- 3 |  4- 6 |  7- 9 | 10-12 | 13-15 | 16-18 || total
-------------------------+-------+-------+-------+-------+-------+-------++-------
Melee: Hand axe          |    47 |    89 |   187 |       |       |       ||   323
       Headbutt          |     5 |    14 |    79 |    91 |   306 |   114 ||   609
       War axe           |       |       |    66 |       |       |       ||    66
       Long sword        |       |       |    48 |   398 |  1114 |   426 ||  1986
       Double sword      |       |       |       |       |   122 |       ||   122
Throw: Throwing net      |       |     1 |       |     3 |       |       ||     4
Invok: Berserk           |       |     2 |     2 |     4 |     4 |     1 ||    13
       Brothers in Arms  |       |       |       |     7 |     4 |       ||    11
       Trog's Hand       |       |       |       |     2 |     8 |       ||    10
  Use: Scroll            |       |     2 |     9 |    16 |    14 |     3 ||    44
       Potion            |       |       |     9 |     4 |     2 |     1 ||    16
 Stab: Held in net/web   |       |       |       |     1 |       |       ||     1
       Distracted        |       |       |       |     1 |       |       ||     1
       Paralysed         |       |       |       |       |     1 |       ||     1
       Petrified         |       |       |       |       |       |     5 ||     5
       Petrifying        |       |       |       |       |       |     1 ||     1
Armor: Leather armour    |     5 |       |       |       |       |       ||     5
       Chain mail        |     4 |    42 |    58 |       |       |       ||   104
       Scale mail        |       |       |    61 |   151 |       |       ||   212
       Plate armour      |       |       |       |     6 |   778 |   267 ||  1051
Dodge: Dodged            |    10 |    15 |    81 |   101 |   377 |   127 ||   711
Block: Tower shield      |    28 |    44 |   231 |   448 |       |       ||   751
       Reflection        |       |       |       |     7 |    71 |    22 ||   100
       Buckler           |       |       |       |    20 |  1203 |   425 ||  1648

Table legend: (Time is in decaauts)
 A = Elapsed time spent in this place.
 B = Non-inter-level travel time spent in this place.
 C = Inter-level travel time spent in this place.
 D = Time resting spent in this place.
 E = Time spent auto-exploring this place.
 F = Levels seen in this place.
 G = Mean time per level.
                   A        B        C        D        E       F      G
               +--------+--------+--------+--------+--------+-----+--------+
         Total |  30043 |  28689 |   1354 |   7064 |  13789 |  30 | 1001.4 |
       Dungeon |  18600 |  17690 |    910 |   4944 |   8786 |  15 | 1240.0 |
        Temple |     49 |     49 |      0 |      0 |     24 |   1 |   49.0 |
          Lair |   5735 |   5368 |    367 |    444 |   3473 |   6 |  955.8 |
     Snake Pit |     11 |     11 |      0 |      0 |      0 |   1 |   11.0 |
  Orcish Mines |   2414 |   2338 |     76 |    282 |   1097 |   2 | 1207.0 |
         Abyss |    480 |    480 |      0 |    156 |     18 |   1 |  480.0 |
       Ossuary |   1112 |   1112 |      0 |    728 |     61 |   1 | 1112.0 |
      Ice Cave |    621 |    621 |      0 |    265 |     65 |   1 |  621.0 |
       Volcano |    260 |    260 |      0 |      0 |     55 |   1 |  260.0 |
      Gauntlet |    755 |    755 |      0 |    244 |    208 |   1 |  755.0 |
               +--------+--------+--------+--------+--------+-----+--------+

Top non-repeatable levels by time:
     D:8: 2206 daAuts
     D:9: 1567 daAuts
     D:7: 1491 daAuts
    D:15: 1484 daAuts
    D:10: 1407 daAuts
     D:2: 1337 daAuts
  Lair:6: 1294 daAuts
     D:4: 1250 daAuts
   Orc:2: 1224 daAuts
    D:11: 1220 daAuts
   Orc:1: 1190 daAuts
     D:1: 1136 daAuts
 Ossuary: 1112 daAuts
     D:3: 1040 daAuts
  Lair:3: 1039 daAuts
